 Dungeon Crawl Stone Soup version 0.24-a0-521-g122614bf49 (webtiles) character file.

Game seed: 3082232185369699651

9943 Gargoyl the Cleaver (level 11, -3/91 HPs)
             Began as a Centaur Abyssal Knight on July 29, 2019.
             Was a High Priest of Lugonu.
             Slain by an earth elemental (22 damage)
             ... summoned by a deep elf mage
             ... on level 11 of the Dungeon.
             The game lasted 00:18:07 (14407 turns).

Gargoyl the Cleaver (Centaur Abyssal Knight)       Turns: 14407, Time: 00:18:07

Health: -3/91      AC: 19    Str: 16    XL:     11   Next: 29%
Magic:  12/16      EV:  4    Int: 11    God:    Lugonu [*****.]
Gold:   363        SH:  3    Dex: 11    Spells: 10/10 levels left

rFire    + . .     SeeInvis .   o - +3 war axe
rCold    . . .     Gourm    .   (no shield)
rNeg     . . .     Faith    .   w - +2 plate armour {MR+}
rPois    +         Spirit   .   d - +2 helmet
rElec    .         Reflect  +   b - +2 cloak
rCorr    .         Harm     .   (no gloves)
MR       +....                  (no barding)
Stlth    ..........             i - +3 amulet of reflection
HPRegen  0.25/turn              f - ring of poison resistance
MPRegen  0.15/turn              s - ring of protection from fire

@: starving, heavily drained, very quick
A: large, hooves 3, deformed body, speed 2, tough skin 3
a: Depart the Abyss, Bend Space, Banish, Corrupt, Enter the Abyss, Renounce
Religion


You were on level 11 of the Dungeon.
You worshipped Lugonu.
Lugonu was extremely pleased with you.
You were starving.

You visited 2 branches of the dungeon, and saw 12 of its levels.
You visited the Abyss 1 time.

You collected 676 gold pieces.
You spent 313 gold pieces at shops.

Inventory:

Hand Weapons
 a - a +1 hand axe
 o - a +3 war axe (weapon)
 v - a +0 broad axe
Missiles
 e - 8 javelins
 g - 8 boomerangs (quivered)
Armour
 b - a +2 cloak (worn)
 d - a +2 helmet (worn)
 w - a +2 plate armour of magic resistance (worn)
Jewellery
 f - a ring of poison resistance (left hand)
 i - a +3 amulet of reflection (around neck)
 k - the amulet of the Air {Inacc +Fly rElec EV+5 RMsl}
   (You found it on level 4 of the Dungeon)

   [amulet of inaccuracy]

   It reduces the accuracy of all your attacks.
   It affects your evasion (+5).
   It insulates you from electricity.
   It lets you fly.
   It protects you from missiles.
 s - a ring of protection from fire (right hand)
 t - an uncursed amulet of harm {unknown}
Wands
 m - a wand of flame (12)
 x - a wand of digging (7)
Scrolls
 l - a scroll of blinking
 p - 2 scrolls of fear
 r - 5 scrolls of remove curse
 u - a scroll of magic mapping
 y - 3 scrolls of identify
 z - 3 scrolls of teleportation
Potions
 h - 4 potions of flight
 j - a potion of curing
 n - a potion of agility
 q - 2 potions of brilliance
 A - a potion of haste {unknown}
Comestibles
 c - 21 rations


   Skills:
 + Level 6.8(5.2) Fighting
 + Level 9.3(7.7) Axes
 + Level 2.8(1.5) Throwing
 * Level 7.2(5.7) Armour
 * Level 5.0(3.6) Dodging
 * Level 7.8(6.2) Invocations


You had 10 spell levels left.
You didn't know any spells.
Your spell library contained the following spells:

 Spells                   Type           Power        Failure   Level  Hunger
 Animate Skeleton         Necr           N/A          100%        1    ##.....
 Corona                   Hex            #......      100%        1    ##.....
 Flame Tongue             Conj/Fire      #....        100%        1    ##.....
 Pain                     Necr           #...         100%        1    ##.....
 Ensorcelled Hibernation  Hex/Ice        #.....       100%        2    ###....
 Poisonous Vapours        Pois/Air       #.....       100%        2    ###....
 Shroud of Golubria       Chrm/Tloc      #.....       100%        2    ###....
 Throw Flame              Conj/Fire      #.....       100%        2    ###....
 Confuse                  Hex            #.......     100%        3    ####...
 Conjure Flame            Conj/Fire      #.......     100%        3    ####...
 Dazzling Spray           Conj/Hex       #.....       100%        3    ####...
 Inner Flame              Hex/Fire       #.......     100%        3    ####...
 Ozocubu's Armour         Chrm/Ice       #.......     100%        3    ####...
 Portal Projectile        Hex/Tloc       #.....       100%        3    ####...
 Regeneration             Chrm/Necr      #.........   100%        3    ####...
 Tukima's Dance           Hex            #.......     100%        3    ####...
 Vampiric Draining        Necr           #.........   100%        3    ####...
 Airstrike                Air            #.........   100%        4    #####..
 Animate Dead             Necr           N/A          100%        4    #####..
 Sticky Flame             Conj/Fire      #.......     100%        4    #####..
 Fireball                 Conj/Fire      #.........   100%        5    ######.
 Metabolic Englaciation   Hex/Ice        #.........   100%        5    ######.
 Silence                  Hex/Air        #.........   100%        5    ######.


Dungeon Overview and Level Annotations

Branches:
Dungeon (11/15)            Temple (0/1) D:4            Lair (1/6) D:8
    Orc: D:9-12

Altars:
Cheibriados
Dithmenos
Elyvilon
Fedhas
Gozag
Kikubaaqudgha
Makhleb
Nemelex Xobeh
Okawaru
Qazlal
Sif Muna
Vehumet
Wu Jian
Zin
The Shining One

Shops:
D:5 *   D:11 }


Innate Abilities, Weirdness & Mutations

You have hooves in place of feet.
Armour fits poorly on your strangely shaped body.
You cover ground very quickly.
You have extremely tough skin. (AC +3)


Message History

You kick the deep elf mage, but do no damage.
The deep elf mage is severely wounded.
Your plate armour prevents you from hitting the earth elemental. x2
The earth elemental hits you!!
The deep elf mage casts a spell.
The deep elf mage blinks!
The earth elemental hits you but does no damage.
The earth elemental hits you!
* * * LOW HITPOINT WARNING * * *
Unknown command.
Press: ? - help, Shift-Dir - straight line, f - deep elf mage
Aim: a deep elf mage, wielding a +0 vampiric long sword and wearing a +0 leather armour (severely wounded, chance to defeat MR: 71%)
Okay, then.
Press: ? - help, Shift-Dir - straight line, f - earth elemental
Aim: an earth elemental (lightly damaged, summoned, magic immune)
The earth elemental is unaffected.
You are starving!
The deep elf mage casts a spell.
The earth elemental hits you!!
You die...

..#...###'#......................
..#......................######..
###...................... #..
........#######'######... #..
#######.#............'...# #..
#.#............#...# #..
#.#............#...# #..
#.#......EE....#...# #..
#.#...Ee..@..>.#...# #..
#.#............#...# #..
#.#.......###..#...# #..
#.#########.####...######..
#..........................
#######..........................
.................................
..######..........#############..
..#....#..........#...........#..


You could see 3 earth elementals and a deep elf mage.

Vanquished Creatures
  An unseen horror (D:8)
  An ugly thing (D:11)
  2 centaur skeletons
  A troll (D:10)
  2 hippogriffs (D:10)
  Sigmund (D:3)
  A spriggan (D:9)
  A wyvern (D:8)
  8 yaks
  A hungry ghost (D:9)
  The ghost of Froggeryz the Chiller, an amateur NaIE (D:3)
  A water moccasin (D:11)
  2 ice beasts
  2 sky beasts
  2 orc warriors
  3 necrophages (D:7)
  A phantom (D:5)
  6 centaurs
  An eye of draining (D:10)
  10 ogres
  2 crocodiles (D:7)
  10 bullfrogs
  A wyvern zombie (D:7)
  A gnoll sergeant (D:10)
  2 water moccasin zombies
  2 water moccasin skeletons
  5 scorpions
  5 howler monkeys
  6 crimson imps
  A quasit (D:6)
  4 orc priests
  3 jellies
  2 bullfrog zombies (D:7)
  6 hounds
  Crazy Yiuf (D:4)
  2 bullfrog skeletons
  13 orc wizards
  Natasha (thrice) (D:4)
  2 iguanas
  6 worker ants
  A killer bee zombie (D:7)
  A hound zombie (D:7)
  A worker ant zombie (D:8)
  15 adders
  7 gnolls
  3 shadow imps
  An ooze (D:2)
  4 adder zombies
  6 worms
  A dart slug (D:1)
  3 leopard geckos
  44 orcs
  4 giant cockroaches
  6 goblins
  7 hobgoblins
  5 jackals
  8 kobolds
  2 quokkas
  2 ball pythons
  5 bats
  8 frilled lizards
  A leopard gecko skeleton (D:4)
  A quokka zombie (D:6)
  7 rats
268 creatures vanquished.

Vanquished Creatures (others)
  2 deep elf magi
  A komodo dragon (D:8)
  A troll (D:9)
  A giant cockroach (D:4)
  A bush (D:7)
  9 plants
15 creatures vanquished.

Grand Total: 283 creatures vanquished

Notes
Turn   | Place    | Note
-------+----------+-------------------------------------------
     0 | Abyss:1  | Gargoyl the Centaur Abyssal Knight began the quest for the
                  | Orb.
     0 | Abyss:1  | Reached XP level 1. HP: 19/19 MP: 2/2
    56 | Abyss:1  | Noticed a small abomination
    77 | Abyss:1  | Noticed a starcursed mass
   103 | D:1      | Escaped the Abyss
   492 | D:1      | Reached * piety under Lugonu
   507 | D:1      | Reached XP level 2. HP: 25/26 MP: 3/3
   704 | D:1      | Reached skill level 2 in Axes
   771 | D:1      | Reached skill level 1 in Dodging
  1117 | D:2      | Reached XP level 3. HP: 30/31 MP: 4/4
  1444 | D:2      | Reached ** piety under Lugonu
  1460 | D:2      | Found a deep blue altar of Sif Muna.
  1697 | D:2      | Reached XP level 4. HP: 38/38 MP: 5/5
  1698 | D:2      | Found an ancient bone altar of Kikubaaqudgha.
  1890 | D:3      | Noticed a bullfrog
  1891 | D:3      | Found a runed translucent door.
  1922 | D:3      | Noticed Froggeryz's ghost (amateur NaIE)
  1943 | D:3      | Killed a bullfrog
  1943 | D:3      | Reached XP level 5. HP: 26/45 MP: 7/7
  1944 | D:3      | Reached skill level 3 in Axes
  1953 | D:3      | Killed Froggeryz's ghost
  1953 | D:3      | Reached XP level 6. HP: 17/51 MP: 8/8
  2258 | D:3      | Noticed Sigmund
  2277 | D:3      | Killed Sigmund
  2650 | D:3      | Found a glowing silver altar of Zin.
  2776 | D:3      | Reached XP level 7. HP: 48/58 MP: 9/9
  2862 | D:4      | Noticed Natasha
  2864 | D:4      | Found the amulet of the Air {Inacc +Fly rElec EV+5 RMsl}
  2872 | D:4      | Killed Natasha
  2892 | D:4      | Noticed Natasha
  2900 | D:4      | Killed Natasha
  2991 | D:4      | Found a snail-covered altar of Cheibriados.
  3009 | D:4      | HP: 2/58 [ogre/+0 giant club (8)]
  3447 | D:3      | Reached skill level 4 in Axes
  3529 | D:4      | Found Beptati's Jewellery Shop.
  3555 | D:4      | Found a staircase to the Ecumenical Temple.
  3618 | D:4      | Found a runed translucent door.
  3619 | D:4      | Noticed Crazy Yiuf
  3699 | D:4      | Noticed Natasha
  3712 | D:4      | Killed Natasha
  3898 | D:4      | Killed Crazy Yiuf
  3935 | D:5      | Entered Level 5 of the Dungeon
  3943 | D:5      | Found an opulent altar of Gozag.
  4040 | D:5      | Found Juarux's General Store.
  4099 | D:5      | Found a radiant altar of Vehumet.
  4100 | D:5      | Found a burning altar of Makhleb.
  4132 | D:5      | Found a shadowy altar of Dithmenos.
  4190 | D:5      | Reached skill level 1 in Throwing
  4226 | D:5      | Reached XP level 8. HP: 63/66 MP: 11/11
  4287 | D:5      | Found a sparkling altar of Nemelex Xobeh.
  4300 | D:5      | Reached *** piety under Lugonu
  4863 | D:6      | Reached skill level 5 in Axes
  5361 | D:6      | Found a glowing golden altar of the Shining One.
  5577 | D:6      | Reached skill level 5 in Invocations
  5924 | D:6      | Reached skill level 5 in Armour
  5937 | D:6      | Found a white marble altar of Elyvilon.
  6241 | D:6      | Reached XP level 9. HP: 65/72 MP: 12/12
  6660 | D:7      | Reached skill level 6 in Axes
  6946 | D:7      | Found an ornate altar of the Wu Jian Council.
  6967 | D:7      | Reached **** piety under Lugonu
  6978 | D:7      | Reached skill level 5 in Fighting
  7247 | D:5      | Bought a +4 chain mail of poison resistance for 313 gold
                  | pieces
  7380 | D:7      | Found a blossoming altar of Fedhas.
  7577 | D:7      | Reached skill level 7 in Axes
  8509 | D:8      | Killed an unseen horror
  8509 | D:8      | Reached XP level 10. HP: 59/81 MP: 14/14
  8519 | D:8      | Found a stormy altar of Qazlal.
  8676 | D:8      | Reached ***** piety under Lugonu
  8926 | D:8      | Found a staircase to the Lair.
  9439 | Lair:1   | Entered Level 1 of the Lair of Beasts
  9442 | Lair:1   | Noticed a seven-headed hydra
  9444 | Lair:1   | Noticed a spiny frog
  9666 | D:9      | Reached skill level 8 in Axes
 10034 | D:9      | Found an iron altar of Okawaru.
 11063 | D:10     | Entered Level 10 of the Dungeon
 11659 | D:10     | Reached XP level 11. HP: 90/91 MP: 16/16
 11753 | D:10     | Reached skill level 9 in Axes
 12783 | D:11     | Noticed a deep elf mage
 12785 | D:11     | Noticed a deep elf mage
 12924 | D:11     | Noticed a sixfirhy
 13040 | D:10     | HP: 2/91 [deep elf mage/bolt of negative energy (29)]
 13042 | D:10     | Banished a deep elf mage
 13372 | D:11     | Noticed a soul eater
 13374 | D:11     | Noticed a soul eater
 13380 | D:11     | Banished a deep elf mage
 13380 | D:11     | Reached skill level 5 in Dodging
 13755 | D:11     | Found Reridul's Gadget Shop.
 13841 | D:11     | Noticed a green ugly thing
 13860 | D:11     | Killed a green ugly thing
 14128 | D:11     | Identified Tasaxaicui's Handbook of Combed Thunderclap
 14136 | D:11     | Identified Ts'ui Pên's Catalogue of Forking Paths
 14142 | D:11     | Noticed a wizard
 14144 | D:11     | Paralysed by a wizard for 5 turns
 14254 | D:11     | Identified the Catalogue of Axaxaxas mlö
 14398 | D:11     | Noticed a deep elf mage
 14407 | D:11     | Slain by an earth elemental

Levels and vault maps discovered:
D:1:      ncdulo_watergridlock, layout_basic, minmay_tetromino_l4
D:2:      layout_loops_ring, lemuel_doored_altar, lemuel_crystal_altar
D:3:      layout_basic, overflow_temple_1_default, ebering_ghost_sewer_d,
          first_ration, uniq_sigmund
D:4:      layout_cave_pools, nicolae_overflow_hidden_temple,
          minmay_temple_entry_ruins, serial_shops, shop, lemuel_old_faithful,
          uniq_natasha, uniq_crazy_yiuf_cottage
D:5:      layout_basic, grunt_temple_overflow_lords_of_destruction,
          nemelex_xobeh_ov_fountains_minmay, grunt_dithmenos_smoke_and_mirrors,
          serial_shops, shop_statue, basic_altar
D:6:      layout_basic, basic_altar, elyvilon_altar_3
D:7:      layout_rooms, fedhas_altar_decomposition,
          nicolae_overflow_crystal_walls
D:8:      layout_loops_corners, nicolae_qazlal_style_of_elements,
          david_lair_shrubbed, kennysheep_generic_room_12
D:9:      layout_roguey, grunt_pizzeria, grunt_decor_clamped,
          eino_small_chamber_without_monster, okawaru_trees_2
D:10:     layout_basic
D:11:     layout_irregular_city, serial_shops, nicolae_shop_stone,
          bh_hangedman_babel_library
Lair:1:   beast_lair_carwin_large_4, layout_hall_layers

Skill      XL: |  1  2  3  4  5  6  7  8  9 10 11 |
---------------+----------------------------------+-----
Axes           | 2 3 4 5 7 8 9 |  9.3
Dodging        | 1 2 3 4 5 |  5.0
Armour         | 2 3 4 5 6 7 |  7.2
Invocations    | 3 4 5 6 7 |  7.8
Fighting       | 4 5 6 |  6.8
Throwing       | 1 2 |  2.8

Action                   |  1- 3 |  4- 6 |  7- 9 | 10-12 || total
-------------------------+-------+-------+-------+-------++-------
Melee: Hand axe          |   114 |   100 |    37 |       ||   251
       Kick              |    19 |    21 |   120 |    93 ||   253
       War axe           |       |       |   447 |   370 ||   817
Throw: Boomerang         |       |       |    30 |    23 ||    53
Invok: Depart the Abyss  |     1 |       |       |       ||     1
       Bend Space        |       |     1 |     2 |       ||     3
       Banish            |       |       |       |     6 ||     6
  Use: Scroll            |     7 |     1 |     9 |     1 ||    18
       Potion            |     1 |     3 |     3 |     1 ||     8
  Eat: Chunk             |     1 |     2 |    14 |    11 ||    28
       Ration            |       |       |     1 |     2 ||     3
Armor: Ring mail         |    83 |     2 |       |       ||    85
       Chain mail        |       |    49 |   364 |   119 ||   532
       Plate armour      |       |       |       |   198 ||   198
Dodge: Dodged            |    50 |    33 |   173 |   103 ||   359
Block: Other             |       |     8 |    80 |    53 ||   141
       Reflection        |       |       |     1 |     3 ||     4

Table legend:
 A = Non-vault XP
 B = Vault XP
 C = Vault XP percentage of total XP
 D = Non-vault monster count
 E = Vault monster count
 F = Vault count percentage of total count
                 A         B        C        D         E       F
            +---------+---------+-------+---------+---------+-------
      Total |   11609 |    2596 |  18.3 |     249 |      23 |   8.5
            +---------+---------+-------+---------+---------+-------
        D:1 |      33 |       3 |   8.3 |      18 |       2 |  10.0
        D:2 |      67 |       0 |   0.0 |      24 |       0 |   0.0
        D:3 |     284 |     524 |  64.9 |      17 |       5 |  22.7
        D:4 |     122 |      74 |  37.8 |       9 |       2 |  18.2
        D:5 |     586 |      48 |   7.6 |      28 |       1 |   3.4
        D:6 |    1428 |       0 |   0.0 |      27 |       0 |   0.0
        D:7 |    1238 |     544 |  30.5 |      25 |       7 |  21.9
        D:8 |    1222 |     441 |  26.5 |      30 |       3 |   9.1
        D:9 |    3412 |     220 |   6.1 |      34 |       1 |   2.9
       D:10 |    2549 |     460 |  15.3 |      35 |       1 |   2.8
       D:11 |     668 |     282 |  29.7 |       2 |       1 |  33.3
            +---------+---------+-------+---------+---------+-------
